 Dungeon Sprint DCSS version 0.14.2 (webtiles) character file.

54679 Groucho the Eclecticist (level 14, -2/70 (77) HPs)
             Began as a Spriggan Enchanter on May 6, 2016.
             Was the Champion of Dithmenos.
             Engulfed by a cloud of foul pestilence (12 damage)
             ... in the Dungeon (Sprint II: "The Violet Keep of Menkaure").
             The game lasted 00:32:41 (5159 turns).

Groucho the Eclecticist (Spriggan Enchanter)        Turns: 5159, Time: 00:32:41

HP  -2/70 (77)   AC 10     Str  6      XL: 14   Next: 34%
MP  36/40        EV 30     Int 17      God: Dithmenos [******]
Gold 268         SH  2     Dex 15      Spells:  9 memorised, 11 levels left

rFire  + . .     SeeInvis +     m - +3,+5 arc blade {discharge, rElec}
rCold  . . .     Clarity  +     x - +2 robe {rF+}
rNeg   . . .     Conserve .     (shield restricted)
rPois  +         rCorr    .     (helmet restricted)
rElec  +         rRot     .     b - +0 cloak
SustAb . .       Spirit   .     (gloves unavailable)
rMut   .         Warding  .     (boots unavailable)
Saprov . . .     NoTele   +     (no amulet)
MR     ++...                    u - ring of poison resistance
                                y - ring of wizardry

@: deflect missiles, invisible, flying, studying Spellcasting, lethally
poisoned, very slightly contaminated, slowed, wreathed by umbra, quick, very
resistant to hostile enchantments, uncannily stealthy
A: unfitting armour, horns 1, icy blue scales 1, large bone plates 1, thin
metallic scales 1, see invisible, clarity, clumsy 1, deterioration 1, herbivore
3, speed 3, screaming 1, slow metabolism 2, weak 1
a: Shadow Step, Shadow Form, Renounce Religion


You were in the Dungeon.
You worshipped Dithmenos.
Dithmenos was exalted by your worship.
You were not hungry.

You visited 1 branch You collected 3039 gold pieces.
You spent 2771 gold pieces at shops.

Inventory:

Hand weapons
 a - a +1,+1 dagger
 m - the +3,+5 arc blade (weapon) {discharge, rElec}
   (You found it in the Dungeon)

   It insulates you from electricity.
Armour
 b - a +0 cloak (worn)
 x - a +2 robe of fire resistance (worn)
Magical devices
 t - a wand of digging (12)
Comestibles
 C - a banana
 I - a choko
Scrolls
 j - 2 scrolls of amnesia {unknown}
 k - 3 scrolls of blinking
 l - 4 scrolls of enchant weapon I {unknown}
 r - a scroll of identify
 s - 4 scrolls of remove curse
 v - 2 scrolls of recharging {unknown}
 w - 2 scrolls of magic mapping {unknown}
 z - a scroll of immolation {unknown}
 F - a scroll of enchant armour {unknown}
Jewellery
 o - an uncursed ring of fire
 u - a ring of poison resistance (right hand)
 y - a ring of wizardry (left hand)
 B - an uncursed ring of teleport control
 H - an uncursed ring of protection from fire
Potions
 e - 5 potions of flight
 g - 3 potions of heal wounds
 i - 5 potions of magic
 n - 2 potions of haste
 p - a potion of experience
 q - 2 potions of curing
 E - 2 potions of resistance
Books
 c - a book of Maledictions

   Spells                             Type                      Level
   *Corona                            Hexes                        1
   Sure Blade                         Hexes/Charms                 2
   *Ensorcelled Hibernation           Hexes/Ice                    2
   *Confuse                           Hexes                        3
   Enslavement                        Hexes                        4
   *Invisibility                      Hexes                        6
 d - a book of Dreams

   Spells                             Type                      Level
   *Ensorcelled Hibernation           Hexes/Ice                    2
   *Flight                            Charms/Air                   3
   *Phase Shift                       Translocation                5
   Shadow Creatures                   Summoning                    5
   *Mass Confusion                    Hexes                        6
   Darkness                           Hexes                        7
 f - a book of Cantrips

   Spells                             Type                      Level
   Confusing Touch                    Hexes                        1
   Animate Skeleton                   Necromancy                   1
   Summon Small Mammal                Summoning                    1
   Apportation                        Translocation                1
 h - a book of the Sky

   Spells                             Type                      Level
   *Flight                            Charms/Air                   3
   Airstrike                          Air                          4
   Silence                            Hexes/Air                    5
   *Deflect Missiles                  Charms/Air                   6
   Conjure Ball Lightning             Conjuration/Air              6
   *Tornado                           Air                          9
 K - a manual of Spellcasting


   Skills:
 + Level 10.1 Fighting
 + Level 12.7 Short Blades
 - Level 6.0 Throwing
 + Level 16.2 Dodging
 + Level 17.4 Stealth
 * Level 19.5 Spellcasting
 + Level 16.7 Hexes
 + Level 14.8 Charms
 * Level 5.9 Translocations
 * Level 12.9 Air Magic


You had 11 spell levels left.
You knew the following spells:

 Your Spells              Type           Power        Failure   Level  Hunger
a - Corona                Hex            ######.      0%          1    None
b - Ensorcelled Hibernat  Hex/Ice        #####.       1%          2    None
c - Confuse               Hex            ######..     0%          3    None
d - Invisibility          Hex            ######..     1%          6    #####..
e - Flight                Chrm/Air       ######....   1%          3    None
f - Deflect Missiles      Chrm/Air       ######....   1%          6    #####..
g - Tornado               Air            ######....   100%        9    #######
h - Mass Confusion        Hex            ######....   1%          6    #####..
i - Phase Shift           Tloc           #####.....   4%          5    #......


Dungeon Overview and Level Annotations

Branches:
Dungeon (1/1)

Altars:
Cheibriados
Dithmenos
Elyvilon
Fedhas
Kikubaaqudgha
Makhleb
Nemelex Xobeh
Okawaru
Sif Muna
Trog
Vehumet
Xom
Yredelemnul
Zin
The Shining One
Beogh
Jiyva
Lugonu

Shops:
D !:%%*?}([=[?!:=!([(?

Annotations:
D exclusion: oklob plant


Innate Abilities, Weirdness & Mutations

You are tiny and cannot use many weapons and most armour.
You have supernaturally acute eyesight.
You are a herbivore.
You cover ground extremely quickly.
You need consume almost no food.
You have a pair of small horns on your head.
You are partially covered in icy blue scales (AC +1).
You are partially covered in large bone plates (AC +2, SH +2).
You are partially covered in thin metallic scales (AC +2).
You possess an exceptional clarity of mind.
You are clumsy. (Dex -2)
Your body is slowly deteriorating.
You occasionally shout uncontrollably.
You are weak. (Str -2)


Message History

You feel much better.
You feel sick. The flying skull hits you.
The flying skull completely misses you. The flying skull hits you.
The flying skull closely misses you. The flying skull completely misses you.
The flying skull completely misses you.
Casting: Invisibility
Confirm with . or Enter, or press ? or * to list all spells.
Okay, then.
Use which ability? (? or * to list)
Okay, then.
Read which item? (? for menu, Esc to quit)
Blink to where?
Press: ? - help, Dir - move target cursor
As you read the scroll of blinking, it crumbles to dust.
You are engulfed in dark miasma.
You feel as though you will be slow longer.
* * * LOW HITPOINT WARNING * * *
You feel sick.
You reach down and open the door.
You are engulfed in dark miasma.
You feel as though you will be slow longer.
You die...

≈###≈≈#.._._._.#§§§≈≈§#..#.%▓≈#
≈#[#≈≈#..._._..#§§§≈≈§▓..#..▓≈#
≈#+#≈≈#...._...#≈§≈≈▓▓▓▓▓▓▓▓▓≈#
§§§§≈≈##########§§≈≈▓≈≈≈≈≈≈≈≈≈#
#######≈≈≈≈≈≈≈≈≈§§≈≈▓≈≈≈≈≈≈≈≈≈#
§SSS###≈########≈▓▓▓▓▓▓▓▓▓≈≈≈≈#
§§S§§##≈#}$$!$ #▓▓§§≈§§§.▓▓≈≈≈#
≈§§§§§+≈#)=})=$#▓§§§§§§§§§▓▓≈≈#
≈§§§≈####")|":!'@§§zzzzz§≈§'≈≈#
§§§§## #||$[=$##§§§§z§z§§#####
#####,


$|$?$ ##§§§§§§§## )::! ######### * ### You could see 7 flying skulls.

Vanquished Creatures
  A golden dragon (D)
  A hellephant (D)
  A deep elf master archer (D)
  A deep elf blademaster (D)
  2 sphinxes (D)
  A storm dragon (D)
  A kraken (D)
  A draconian shifter (D)
  An ice dragon (D)
  2 plague shamblers (D)
  2 hell hogs (D)
  A giant orange brain (D)
  2 death drakes (D)
  2 deep trolls (D)
  A harpy (D)
  12 shining eyes (D)
  An eye of devastation (D)
  3 griffons (D)
  A mermaid (D)
  2 spiny frogs (D)
  A yaktaur (D)
  Sonja (D)
  3 polar bears (D)
  A blink frog (D)
  3 slime creatures (D)
  A baby alligator (D)
  2 grizzly bears (D)
  5 flying skulls (D)
  6 sharks (D)
  2 hippogriffs (D)
  4 necrophages (D)
  3 soldier ants (D)
  A yellow wasp (D)
  A crocodile (D)
  3 giant slugs (D)
  9 electric eels (D)
  3 pulsating lumps (D)
  8 big fish (D)
  10 giant eyeballs (D)
  A spectral giant cockroach (D)
  A spectral kobold (D)
108 creatures vanquished.

Vanquished Creatures (others)
  Menkaure (D)
  A swamp drake (D)
2 creatures vanquished.

Grand Total: 110 creatures vanquished

Notes
Turn   | Place    | Note
--------------------------------------------------------------
     0 | D        | Groucho, the Spriggan Enchanter, began the quest for the Orb.
     0 | D        | Reached XP level 1. HP: 9/9 MP: 4/4
     1 | D        | Noticed a mermaid
     5 | D        | Noticed a necrophage
     5 | D        | Noticed a necrophage
     5 | D        | Noticed a necrophage
     5 | D        | Noticed a necrophage
    15 | D        | Killed a necrophage
    15 | D        | Reached skill level 5 in Dodging
    15 | D        | Reached skill level 5 in Stealth
    15 | D        | Reached skill level 5 in Spellcasting
    15 | D        | Reached skill level 6 in Hexes
    15 | D        | Reached XP level 2. HP: 11/15 MP: 5/11
    15 | D        | Reached XP level 3. HP: 13/18 MP: 6/14
    15 | D        | Reached XP level 4. HP: 16/23 MP: 7/18
    21 | D        | Killed a necrophage
    21 | D        | Reached skill level 7 in Spellcasting
    21 | D        | Reached XP level 5. HP: 18/28 MP: 7/21
    31 | D        | Killed a necrophage
    31 | D        | Reached skill level 8 in Hexes
    31 | D        | Reached XP level 6. HP: 21/32 MP: 8/24
    45 | D        | Killed a necrophage
    45 | D        | Reached skill level 5 in Short Blades
    45 | D        | Reached skill level 5 in Throwing
   147 | D        | Killed Menkaure
   612 | D        | Learned a level 2 spell: Ensorcelled Hibernation
   616 | D        | Learned a level 3 spell: Confuse
   623 | D        | Learned a level 6 spell: Invisibility
   626 | D        | Noticed a hippogriff
   626 | D        | Noticed a hippogriff
   629 | D        | Killed a hippogriff
   629 | D        | Reached skill level 9 in Spellcasting
   629 | D        | Reached XP level 7. HP: 37/37 MP: 20/27
   632 | D        | Killed a hippogriff
   637 | D        | Noticed a giant slug
   637 | D        | Noticed a giant slug
   637 | D        | Noticed a giant slug
   641 | D        | Killed a giant slug
   641 | D        | Reached skill level 10 in Hexes
   643 | D        | Killed a giant slug
   647 | D        | Killed a giant slug
   647 | D        | Reached skill level 10 in Spellcasting
   663 | D        | Killed a mermaid
   663 | D        | Reached skill level 5 in Fighting
   663 | D        | Reached skill level 10 in Stealth
   663 | D        | Reached XP level 8. HP: 41/43 MP: 25/29
   682 | D        | Noticed an ice statue
   719 | D        | Found Jitsatri's Book Emporium.
   719 | D        | Found Wamut's Distillery.
   719 | D        | Found Criasam's Distillery.
   719 | D        | Found Luikipryu's Jewellery Shoppe.
   720 | D        | Found Bleiklal's Gadget Emporium.
   720 | D        | Found Voumuys' Magic Scroll Shoppe.
   720 | D        | Found Zonaomm's Jewellery Shoppe.
   720 | D        | Found Shraes' Antique Armour Emporium.
   720 | D        | Found Wucig's Magic Scroll Emporium.
   721 | D        | Noticed an iron elemental
   723 | D        | Found Cuinouk's Antique Armour Emporium.
   723 | D        | Found Gamu's Food Shoppe.
   724 | D        | Found Teukkeig's Distillery.
   724 | D        | Found Samuk's General Store.
   724 | D        | Found Ysiank's Antique Weapon Shoppe.
   724 | D        | Noticed a baby alligator
   725 | D        | Noticed an oklob plant
   730 | D        | Killed a baby alligator
   730 | D        | Reached skill level 11 in Spellcasting
   732 | D        | Found Atuch's Book Shoppe.
   732 | D        | Found Rusaen's Food Emporium.
   732 | D        | Noticed an unseen horror
   733 | D        | Noticed an unseen horror
   735 | D        | Noticed a shining eye
   750 | D        | Bought a book of the Sky for 910 gold pieces
   765 | D        | Learned a level 3 spell: Flight
   772 | D        | Learned a level 6 spell: Deflect Missiles
   776 | D        | Noticed a blink frog
   778 | D        | Killed a blink frog
   834 | D        | Noticed a crocodile
   835 | D        | Killed a crocodile
   835 | D        | Reached skill level 10 in Dodging
   838 | D        | Found an iron altar of Okawaru.
   838 | D        | Found a blossoming altar of Fedhas.
   840 | D        | Found a roughly hewn altar of Beogh.
   840 | D        | Found a sparkling altar of Nemelex Xobeh.
   840 | D        | Found a viscous altar of Jiyva.
   842 | D        | Found an ancient bone altar of Kikubaaqudgha.
   842 | D        | Found a radiant altar of Vehumet.
   843 | D        | Found a bloodstained altar of Trog.
   843 | D        | Found a glowing golden altar of the Shining One.
   844 | D        | Found a burning altar of Makhleb.
   844 | D        | Found a snail-covered altar of Cheibriados.
   845 | D        | Found a basalt altar of Yredelemnul.
   845 | D        | Found a deep blue altar of Sif Muna.
   845 | D        | Found a shimmering altar of Xom.
   846 | D        | Found a white marble altar of Elyvilon.
   848 | D        | Noticed a lava snake
   848 | D        | Noticed a lava snake
   850 | D        | Noticed a lava snake
   852 | D        | Noticed a lava snake
   886 | D        | Found a corrupted altar of Lugonu.
   887 | D        | Found a shadowy altar of Dithmenos.
   887 | D        | Found a glowing silver altar of Zin.
   887 | D        | Noticed a polar bear
   888 | D        | Noticed a yaktaur
   888 | D        | Noticed a yellow wasp
   889 | D        | Noticed a polar bear
   897 | D        | Killed a polar bear
   897 | D        | Reached skill level 1 in Charms
   897 | D        | Reached skill level 1 in Air Magic
   899 | D        | Noticed a polar bear
   902 | D        | Killed a polar bear
   902 | D        | Reached XP level 9. HP: 24/47 MP: 21/31
   904 | D        | Killed a yaktaur
   904 | D        | Reached skill level 12 in Spellcasting
   907 | D        | Killed a yellow wasp
   917 | D        | Killed a polar bear
  1068 | D        | Noticed a big fish
  1069 | D        | Noticed a big fish
  1070 | D        | Noticed a big fish
  1073 | D        | Noticed a big fish
  1074 | D        | Became a worshipper of Dithmenos the Shadowed
  1086 | D        | Noticed a plague shambler
  1116 | D        | Noticed a death drake
  1122 | D        | Noticed a death drake
  1122 | D        | Noticed a swamp drake
  1122 | D        | Noticed a plague shambler
  1124 | D        | Killed a plague shambler
  1131 | D        | Killed a swamp drake
  1246 | D        | Killed a plague shambler
  1246 | D        | Reached skill level 13 in Hexes
  1246 | D        | Reached skill level 5 in Charms
  1414 | D        | Killed a death drake
  1414 | D        | Reached skill level 5 in Air Magic
  1414 | D        | Reached XP level 10. HP: 53/53 MP: 24/33
  1416 | D        | Killed a death drake
  1427 | D        | Noticed a deep elf master archer
  1432 | D        | Killed a deep elf master archer
  1432 | D        | Reached skill level 14 in Hexes
  1437 | D        | Noticed a pulsating lump
  1437 | D        | Noticed a pulsating lump
  1437 | D        | Noticed a pulsating lump
  1439 | D        | Killed a pulsating lump
  1439 | D        | Acquired Dithmenos' first power
  1444 | D        | Killed a pulsating lump
  1446 | D        | Killed a pulsating lump
  1453 | D        | Noticed a slime creature
  1453 | D        | Noticed a soldier ant
  1453 | D        | Noticed a soldier ant
  1453 | D        | Noticed a griffon
  1453 | D        | Noticed an ice dragon
  1453 | D        | Noticed a slime creature
  1453 | D        | Noticed a slime creature
  1453 | D        | Noticed a soldier ant
  1453 | D        | Noticed a griffon
  1453 | D        | Noticed a griffon
  1453 | D        | Noticed a grizzly bear
  1453 | D        | Noticed a grizzly bear
  1463 | D        | Noticed a spiny frog
  1463 | D        | Noticed a spiny frog
  1465 | D        | Killed a spiny frog
  1467 | D        | Killed a spiny frog
  1467 | D        | Acquired Dithmenos' second power
  1477 | D        | Noticed a hell hog
  1477 | D        | Noticed a hell hog
  1479 | D        | Killed a hell hog
  1479 | D        | Reached XP level 11. HP: 58/58 MP: 27/35
  1481 | D        | Killed a hell hog
  1481 | D        | Acquired Dithmenos' third power
  1836 | D        | Killed a soldier ant
  1839 | D        | Killed a grizzly bear
  1842 | D        | Killed a griffon
  1847 | D        | Killed a soldier ant
  1847 | D        | Acquired Dithmenos' fourth power
  1853 | D        | Killed an ice dragon
  1853 | D        | Reached skill level 10 in Short Blades
  1856 | D        | Killed a grizzly bear
  1871 | D        | Killed a slime creature
  1872 | D        | Killed a soldier ant
  1872 | D        | Reached skill level 15 in Spellcasting
  1873 | D        | Killed a griffon
  1885 | D        | Killed a griffon
  1893 | D        | Killed a slime creature
  1909 | D        | Killed a slime creature
  2331 | D        | Noticed a kraken
  2353 | D        | Killed a kraken
  2353 | D        | Reached skill level 15 in Hexes
  2353 | D        | Reached skill level 10 in Charms
  2490 | D        | Killed a big fish
  2498 | D        | Killed a big fish
  2502 | D        | Noticed a big fish
  2507 | D        | Killed a big fish
  2510 | D        | Killed a big fish
  2520 | D        | Killed a big fish
  2534 | D        | Noticed a big fish
  2535 | D        | Noticed a big fish
  2537 | D        | Noticed a shark
  2538 | D        | Noticed a shark
  2541 | D        | Noticed a big fish
  2548 | D        | Killed a big fish
  2551 | D        | Killed a big fish
  2685 | D        | Killed a big fish
  2691 | D        | Noticed a deep troll
  2691 | D        | Noticed a deep troll
  2702 | D        | Killed a deep troll
  2706 | D        | Killed a deep troll
  2839 | D        | Noticed a sphinx
  2840 | D        | Noticed a sphinx
  2842 | D        | Killed a sphinx
  2842 | D        | Reached skill level 15 in Stealth
  2842 | D        | Reached skill level 16 in Spellcasting
  2842 | D        | Reached skill level 10 in Air Magic
  2842 | D        | Reached XP level 12. HP: 65/65 MP: 37/37
  2843 | D        | Killed a sphinx
  2888 | D        | Noticed a giant orange brain
  2888 | D        | Noticed a green draconian shifter
  2889 | D        | Noticed a hellephant
  2889 | D        | Noticed Sonja
  2891 | D        | Killed a green draconian shifter
  2892 | D        | Killed Sonja
  2895 | D        | Killed a giant orange brain
  2906 | D        | Killed a hellephant
  2906 | D        | Reached skill level 17 in Spellcasting
  2996 | D        | Noticed a harpy
  3001 | D        | Noticed a deep elf blademaster
  3002 | D        | Noticed an eye of devastation
  3004 | D        | Killed a harpy
  3006 | D        | Killed a deep elf blademaster
  3006 | D        | Reached skill level 15 in Dodging
  3007 | D        | Noticed a shark
  3007 | D        | Noticed a shark
  3010 | D        | Killed an eye of devastation
  3012 | D        | Noticed a shark
  3018 | D        | Killed a shark
  3021 | D        | Killed a shark
  3027 | D        | Noticed a shark
  3066 | D        | Killed a shark
  3081 | D        | Killed a shark
  3094 | D        | Killed a shark
  3106 | D        | Killed a shark
  3344 | D        | Noticed a flying skull
  3344 | D        | Noticed a flying skull
  3344 | D        | Noticed a flying skull
  3344 | D        | Noticed a flying skull
  3344 | D        | Noticed a flying skull
  3380 | D        | Noticed a shining eye
  3380 | D        | Noticed a shining eye
  3380 | D        | Noticed a shining eye
  3380 | D        | Noticed a shining eye
  3380 | D        | Noticed a shining eye
  3380 | D        | Noticed a shining eye
  3380 | D        | Noticed a shining eye
  3380 | D        | Noticed a shining eye
  3380 | D        | Noticed a shining eye
  3380 | D        | Noticed a shining eye
  3380 | D        | Noticed a shining eye
  3381 | D        | Noticed a shining eye
  3382 | D        | Killed a shining eye
  3384 | D        | Killed a shining eye
  3386 | D        | Killed a shining eye
  3388 | D        | Killed a shining eye
  3399 | D        | Gained mutation: You tend to lose your temper in combat. [a shining eye]
  3404 | D        | Killed a shining eye
  3405 | D        | Paralysed by a giant eyeball for 2 turns
  3407 | D        | Gained mutation: You are clumsy. (Dex -2) [a shining eye]
  3411 | D        | Gained mutation: You are frail (-10% HP). [a shining eye]
  3412 | D        | Gained mutation: Your magical capacity is low (-10% MP). [a shining eye]
  3416 | D        | Paralysed by a giant eyeball for 2 turns
  3420 | D        | Killed a shining eye
  3420 | D        | Reached XP level 13. HP: 63/63 MP: 31/35
  3424 | D        | Killed a shining eye
  3427 | D        | Paralysed by a giant eyeball for 3 turns
  3436 | D        | Killed a shining eye
  3437 | D        | Paralysed by a giant eyeball for 2 turns
  3445 | D        | Killed a shining eye
  3447 | D        | Paralysed by a giant eyeball for 2 turns
  3450 | D        | Gained mutation: You are very frail (-20% HP). [a shining eye]
  3452 | D        | Gained mutation: You are very clumsy. (Dex -4) [a shining eye]
  3454 | D        | Killed a shining eye
  3457 | D        | Killed a shining eye
  3457 | D        | Reached skill level 18 in Spellcasting
  3461 | D        | Paralysed by a giant eyeball for 3 turns
  3470 | D        | Killed a shining eye
  3519 | D        | Learned a level 9 spell: Tornado
  3533 | D        | Lost mutation: You are very frail (-20% HP). [potion of mutation]
  3533 | D        | Gained mutation: You have a pair of small horns on your head. [potion of mutation]
  3533 | D        | Gained mutation: You can translocate small distances at will. [potion of mutation]
  3534 | D        | Gained mutation: You have a pair of horns on your head. [potion of mutation]
  3534 | D        | Gained mutation: You passively map a small area around you. [potion of mutation]
  3535 | D        | Lost mutation: You are frail (-10% HP). [potion of mutation]
  3535 | D        | Lost mutation: You passively map a small area around you. [potion of mutation]
  3535 | D        | Lost mutation: You have a pair of horns on your head. [potion of mutation]
  3536 | D        | Gained mutation: Your body is slowly deteriorating. [potion of mutation]
  3537 | D        | Gained mutation: You are partially covered in icy blue scales (AC +1). [potion of mutation]
  3538 | D        | Lost mutation: Your magical capacity is low (-10% MP). [potion of mutation]
  3538 | D        | Gained mutation: Your magical capacity is low (-10% MP). [potion of mutation]
  3538 | D        | Lost mutation: You are very clumsy. (Dex -4) [potion of mutation]
  3539 | D        | Gained mutation: You are very clumsy. (Dex -4) [potion of mutation]
  3540 | D        | Lost mutation: You can translocate small distances at will. [potion of mutation]
  3541 | D        | Gained mutation: Your mind is acute. (Int +2) [potion of mutation]
  3541 | D        | Lost mutation: You have a pair of small horns on your head. [potion of mutation]
  3541 | D        | Gained mutation: You are partially covered in large bone plates (AC +2, SH +2). [potion of mutation]
  3542 | D        | Gained mutation: Armour fits poorly on your strangely shaped body. [potion of mutation]
  3542 | D        | Lost mutation: You are very clumsy. (Dex -4) [potion of mutation]
  3542 | D        | Gained mutation: You are resistant to electric shocks. [potion of mutation]
  3543 | D        | Lost mutation: You are clumsy. (Dex -2) [potion of mutation]
  3543 | D        | Lost mutation: Your mind is acute. (Int +2) [potion of mutation]
  3543 | D        | Lost mutation: Your body is slowly deteriorating. [potion of mutation]
  3544 | D        | Gained mutation: You are partially covered in thin metallic scales (AC +2). [potion of mutation]
  3544 | D        | Gained mutation: Your flesh is cold resistant. [potion of mutation]
  3545 | D        | Gained mutation: Your muscles are strong. (Str +2) [potion of mutation]
  3546 | D        | Gained mutation: You possess an exceptional clarity of mind. [potion of mutation]
  3546 | D        | Lost mutation: Armour fits poorly on your strangely shaped body. [potion of mutation]
  3547 | D        | Lost mutation: Your flesh is cold resistant. [potion of mutation]
  3547 | D        | Lost mutation: You are resistant to electric shocks. [potion of mutation]
  3547 | D        | Lost mutation: You tend to lose your temper in combat. [potion of mutation]
  3548 | D        | Lost mutation: You are partially covered in icy blue scales (AC +1). [potion of mutation]
  3548 | D        | Gained mutation: Your body is slowly deteriorating. [potion of mutation]
  3548 | D        | Lost mutation: Your muscles are strong. (Str +2) [potion of mutation]
  3549 | D        | Gained mutation: You tend to lose your temper in combat. [potion of mutation]
  3550 | D        | Gained mutation: Your muscles are strong. (Str +2) [potion of mutation]
  3550 | D        | Lost mutation: Your muscles are strong. (Str +2) [potion of mutation]
  3550 | D        | Lost mutation: Your magical capacity is low (-10% MP). [potion of mutation]
  3551 | D        | Gained mutation: You have a pair of small horns on your head. [potion of mutation]
  3551 | D        | Gained mutation: Your body is deteriorating. [potion of mutation]
  3551 | D        | Gained mutation: You are dopey. (Int -2) [potion of mutation]
  3552 | D        | Gained mutation: Armour fits poorly on your strangely shaped body. [potion of mutation]
  3552 | D        | Gained mutation: You occasionally shout uncontrollably. [potion of mutation]
  3554 | D        | Gained mutation: You are partially covered in icy blue scales (AC +1). [potion of mutation]
  3554 | D        | Gained mutation: You often lose your temper in combat. [potion of mutation]
  3554 | D        | Lost mutation: You are dopey. (Int -2) [potion of mutation]
  3556 | D        | Gained mutation: You can breathe flames. [potion of mutation]
  3557 | D        | Lost mutation: Your body is deteriorating. [potion of mutation]
  3557 | D        | Lost mutation: You often lose your temper in combat. [potion of mutation]
  3558 | D        | Lost mutation: You tend to lose your temper in combat. [potion of mutation]
  3559 | D        | Lost mutation: You can breathe flames. [potion of mutation]
  3559 | D        | Lost mutation: Armour fits poorly on your strangely shaped body. [potion of mutation]
  3559 | D        | Gained mutation: You can spit poison. [potion of mutation]
  3560 | D        | Gained mutation: You are clumsy. (Dex -2) [potion of mutation]
  3561 | D        | Gained mutation: You are weak. (Str -2) [potion of mutation]
  3561 | D        | Lost mutation: You can spit poison. [potion of mutation]
  3562 | D        | Reached XP level 14. HP: 71/76 MP: 38/40
  3804 | D        | Noticed an electric eel
  3804 | D        | Noticed an electric eel
  3804 | D        | Noticed an electric eel
  3804 | D        | Noticed an electric eel
  3804 | D        | Noticed an electric eel
  3804 | D        | Noticed an electric eel
  3825 | D        | Noticed a shining eye
  3827 | D        | Noticed a shining eye
  3852 | D        | Bought a scroll of remove curse for 36 gold pieces
  3870 | D        | Bought a book of Dreams for 1050 gold pieces
  3878 | D        | Learned a level 6 spell: Mass Confusion
  3884 | D        | Learned a level 5 spell: Phase Shift
  4246 | D        | Noticed an electric eel
  4247 | D        | Noticed an electric eel
  4248 | D        | Noticed an electric eel
  4251 | D        | Killed an electric eel
  4253 | D        | Killed an electric eel
  4255 | D        | Killed an electric eel
  4256 | D        | Killed an electric eel
  4257 | D        | Killed an electric eel
  4258 | D        | Killed an electric eel
  4260 | D        | Killed an electric eel
  4261 | D        | Killed an electric eel
  4263 | D        | Killed an electric eel
  4575 | D        | Noticed a storm dragon
  4578 | D        | Killed a storm dragon
  4622 | D        | Found Bomekemi's Magic Scroll Boutique.
  4622 | D        | Found Pnimuis' Weapon Shoppe.
  4622 | D        | Found Smacryh's Armour Shop.
  4622 | D        | Found Faq Tiaqo's Antique Weapon Boutique.
  4622 | D        | Noticed a golden dragon
  4624 | D        | Killed a golden dragon
  4624 | D        | Reached skill level 10 in Fighting
  4624 | D        | Reached skill level 19 in Spellcasting
  4624 | D        | Reached skill level 5 in Translocations
  4675 | D        | Bought a scroll of identify for 22 gold pieces
  4675 | D        | Bought a scroll of identify for 22 gold pieces
  4694 | D        | Bought a wand of digging (12) for 352 gold pieces
  4801 | D        | Bought an uncursed ring of poison resistance for 240 gold pieces
  4820 | D        | Bought an embroidered robe for 18 gold pieces
  4833 | D        | Bought a cloak for 121 gold pieces
  5139 | D        | Noticed a flying skull
  5139 | D        | Noticed a flying skull
  5139 | D        | Noticed a flying skull
  5140 | D        | Noticed a flying skull
  5140 | D        | Noticed a flying skull
  5141 | D        | Killed a flying skull
  5142 | D        | Noticed a flying skull
  5142 | D        | Noticed a flying skull
  5144 | D        | Killed a flying skull
  5146 | D        | Killed a flying skull
  5148 | D        | Killed a flying skull
  5150 | D        | Killed a flying skull
  5159 | D        | Engulfed by a cloud of foul pestilence

Action                   |  1- 3 |  4- 6 |  7- 9 | 10-12 | 13-15 || total
-------------------------+-------+-------+-------+-------+-------++-------
Melee: Dagger            |     8 |    31 |    33 |    65 |       ||   137
       Cutlass           |       |       |       |    87 |    46 ||   133
 Cast: Invisibility      |       |     1 |     3 |     4 |     2 ||    10
       Ensorcelled Hiber |       |       |     6 |    26 |       ||    32
       Confuse           |       |       |     4 |     2 |       ||     6
       Flight            |       |       |     5 |     3 |     7 ||    15
       Deflect Missiles  |       |       |       |     1 |       ||     1
Invok: Shadow Step       |       |       |       |       |     1 ||     1
  Use: Potion            |     2 |       |     1 |     3 |    37 ||    43
       Scroll            |       |       |       |       |     6 ||     6
 Stab: Sleeping          |       |     1 |    13 |    42 |    17 ||    73
       Invisible         |       |       |     4 |    27 |     1 ||    32
       Confused          |       |       |     3 |       |       ||     3
